 Dungeon Crawl Stone Soup version 0.31-a0-640-g39d97e502b (webtiles) character file.

Game seed: 286939748376233056

6414 Dittersdorf the Blocker (level 10, -1/66 HPs)
             Began as a Gargoyle Fighter on Aug 28, 2023.
             Was a High Priest of Okawaru.
             Slain by a large abomination (10 damage)
             ... on level 2 of the Abyss.
             The game lasted 00:13:09 (9378 turns).

Dittersdorf the Blocker (Gargoyle Fighter)          Turns: 9378, Time: 00:13:09

Health: -1/66      AC: 22    Str: 25    XL:     10   Next: 98%
Magic:  8/10       EV: 10    Int: 10    God:    Okawaru [*****.]
Gold:   359        SH:  8    Dex:  9    Spells: 9/9 levels left

rFire   + + .        p - +10 whip of the People {pain, rElec rF+ Int+2}
rCold   . . .        c - +1 buckler
rNeg    + . .        h - +0 chain mail
rPois   ∞            (no helmet)
rElec   +            f - +0 cloak
rCorr   +            (no gloves)
SInv    .            (no boots)
Will    .....        C - amulet of regeneration Stlth
                     e - ring of resist corrosion
HPRegen 1.11/turn    B - ring of protection from fire
MPRegen 0.12/turn

%: no passive effects
@: heroic
A: sickness immunity, AC +7, negative energy resistance 1, electricity
resistance, torment resistance 1, petrification resistance
a: Renounce Religion, Heroism, Finesse, Duel


You were on level 2 of the Abyss.
You worshipped Okawaru.
Okawaru was extremely pleased with you.
You visited 2 branches of the dungeon, and saw 12 of its levels.
You visited the Abyss 1 time.
You also visited: Sewer.

You collected 804 gold pieces.
You spent 445 gold pieces at shops.

Inventory:

Hand Weapons
 p - the +10 whip of the People (weapon) {pain, rElec rF+ Int+2}
   (You found it on level 5 of the Dungeon)

   Int+2:     It affects your intelligence (+2).
   rF+:       It protects you from fire.
   rElec:     It insulates you from electricity.
 w - a +0 morningstar
Missiles
 v - a curare-tipped dart
 A - a throwing net
Armour
 c - a +1 buckler (worn)
 f - a +0 cloak (worn)
 h - a +0 chain mail (worn)
 z - a +0 plate armour
Jewellery
 e - a ring of resist corrosion (left hand)
 o - a +4 ring of protection
 B - a ring of protection from fire (right hand)
 C - an amulet of regeneration (around neck)
Wands
 x - a wand of roots (14)
 y - a wand of quicksilver (8)
Scrolls
 a - a scroll of enchant armour
 g - 2 scrolls of enchant weapon
 j - 2 scrolls of teleportation
 m - a scroll of blinking
 t - 3 scrolls of fog
 u - 3 scrolls of poison
Potions
 b - a potion of resistance
 d - 2 potions of might
 i - 2 potions of magic
 k - 2 potions of invisibility
 l - 4 potions of heal wounds
 n - 4 potions of curing {unknown}
 q - 2 potions of haste {unknown}
 r - 2 potions of enlightenment
 s - a potion of cancellation {unknown}


   Skills:
 + Level 9.5(14.5) Fighting
 + Level 8.4(13.4) Maces & Flails
 + Level 9.6(14.6) Armour
 + Level 9.6(14.6) Shields


You had 9 spell levels left.
You didn't know any spells.
Your spell library contained the following spells:

 Spells                   Type           Power      Damage    Failure   Level
 Apportation              Tloc           0%         N/A       80%         1
 Magic Dart               Conj           0%         1d3       80%         1
 Necrotise                Necr           0%         1d4       80%         1
 Sandblast                Erth           0%         2d4       80%         1
 Passwall                 Tmut/Erth      0%         N/A       91%         2
 Scorch                   Fire           0%         2d5       91%         2
 Static Discharge         Conj/Air       0%         2-2/arc   91%         2
 Mephitic Cloud           Conj/Pois/Air  0%         N/A       99%         3
 Stone Arrow              Conj/Erth      0%         3d7       99%         3
 Airstrike                Air            0%         2d(0-16)  100%        4
 Flame Wave               Conj/Fire      0%         2d4       100%        4
 Manifold Assault         Tloc           0%         N/A       100%        4
 Passage of Golubria      Tloc           0%         N/A       100%        4
 Silence                  Hex/Air        0%         N/A       100%        5
 Dispersal                Tloc           0%         N/A       100%        6
 Disjunction              Tloc           0%         N/A       100%        8
 Lehudib's Crystal Spear  Conj/Erth      0%         10d2      100%        8
 Summon Small Mammal      Summ           Unusable   N/A       N/A         1
 Call Imp                 Summ           Unusable   N/A       N/A         2
 Cigotuvi's Dreadful Rot  Necr/Pois/Air  Unusable   N/A       N/A         2
 Summon Lightning Spire   Summ/Air       Unusable   N/A       N/A         4
 Simulacrum               Ice/Necr       Unusable   N/A       N/A         6
 Summon Cactus Giant      Summ           Unusable   N/A       N/A         6

Dungeon Overview and Level Annotations

Branches:
Dungeon (11/15)            Temple (1/1) D:6            Lair (0/5) D:9
  Sewer (visited)
    Orc: D:9-12

Altars:
Ashenzari
Cheibriados
Dithmenos
Elyvilon
Fedhas
Gozag
Hepliaklqana
Kikubaaqudgha
Makhleb
Nemelex Xobeh
Okawaru
Qazlal
Ru
Sif Muna
Trog
Uskayaw
Vehumet
Wu Jian
Xom
Yredelemnul
Zin
The Shining One

Shops:
D:1 [   D:7 *   D:10 (=[*

Annotations:
D:11 Erolcha


Innate Abilities, Weirdness & Mutations

You are immune to sickness and miasma.
Your stone body is resilient. (AC +7)
You are immune to poison.
You resist negative energy. (rN+)
You are resistant to electric shocks. (rElec)
You are resistant to unholy torment.
You are immune to petrification.


Message History

The centaur shoots an arrow.
The arrow hits you!
The centaur shoots an arrow.
The arrow hits you but does no damage.
You hear some strange, mumbled words.
A fireball appears from out of thin air!
The fireball explodes!
The fireball engulfs you. You resist.
The centaur shoots an arrow.
You block the arrow.
There is a stone staircase leading up here.
The centaur shoots an arrow.
You block the arrow.
You climb upwards.
Reactivating autopickup.
There is a stone staircase leading down here.
You start resting.
HP restored.
You climb downwards.
Level annotation: Erolcha Erolcha points at you and mumbles some strange words.
You are cast into the Abyss!
This branch contains the abyssal rune of Zot.
A large abomination comes into view.
You block the large abomination's attack.
You gain the combat prowess of a mighty hero.
You block the large abomination's attack.
The large abomination hits you!!
You whack the large abomination!
The large abomination is moderately damaged.
You whack the large abomination!
The large abomination is heavily damaged.
The large abomination hits you!
You hit the large abomination.
The large abomination is heavily damaged.
You hit the large abomination.
The large abomination is severely damaged.
The large abomination hits you!!
* * * LOW HITPOINT WARNING * * *
You hit the large abomination.
The large abomination is severely damaged.
You hit the large abomination.
The large abomination is almost destroyed.
The large abomination hits you!
You die...

# .###
###..#
#.#..#
#....###
#.X@...#
##..#.#.#
## #...#
.# #.#
#.### ..
..# ##..#
#. #.
#... .
#...###
#....#
#.###..


You could see a large abomination.

Vanquished Creatures
  Urug (D:10)
  A cyclops (D:10)
  Joseph (D:8)
  Jeremiah (D:6)
  2 wyverns (D:10)
  A wraith (D:11)
  5 steam dragons
  3 water moccasins (D:9)
  An acid dragon (D:9)
  2 black bears
  3 ice beasts
  3 orc warriors
  2 centaurs (D:9)
  4 kobold brigands
  3 bullfrogs
  4 scorpions
  4 wights (D:7)
  7 killer bees
  6 howler monkeys
  A crimson imp (D:8)
  A hound (D:4)
  4 orc priests
  A gnoll bouda (D:9)
  2 iguanas
  2 jellies
  3 sleepcaps
  Natasha (thrice) (D:4)
  12 orc wizards
  4 gnolls (D:9)
  6 adders
  A white imp (D:8)
  An ufetubus (D:5)
  A worm (D:5)
  3 dart slugs
  23 orcs
  7 endoplasms
  8 giant cockroaches
  5 goblins
  8 hobgoblins
  4 jackals (D:1)
  30 kobolds
  3 quokkas
  8 ball pythons
  11 bats
  2 frilled lizards
  8 rats
216 creatures vanquished.

Notes
Turn   | Place    | Note
-------+----------+-------------------------------------------
     0 | D:1      | Dittersdorf the Gargoyle Fighter began the quest for the
                  | Orb.
     0 | D:1      | Reached XP level 1. HP: 14/14 MP: 1/1
   191 | D:1      | Reached XP level 2. HP: 17/19 MP: 2/2
   539 | D:1      | Found Haissop's Antique Armour Boutique.
   695 | D:2      | Reached XP level 3. HP: 23/23 MP: 3/3
  1251 | D:3      | Reached XP level 4. HP: 29/29 MP: 4/4
  1584 | D:3      | You fall into a shaft and drop 1 floor!
  1638 | D:4      | Noticed Natasha
  1651 | D:4      | Killed Natasha
  1652 | D:4      | Reached XP level 5. HP: 10/33 MP: 5/5
  2130 | D:4      | Noticed Natasha
  2136 | D:4      | Killed Natasha
  2475 | D:3      | Reached XP level 6. HP: 29/39 MP: 6/6
  2577 | D:4      | Noticed Natasha
  2586 | D:4      | Killed Natasha
  2842 | D:4      | Noticed a black bear
  2966 | D:5      | Entered Level 5 of the Dungeon
  2969 | D:5      | Identified the +10 whip of the People {pain, rElec rF+
                  | Int+2}
  2987 | D:5      | Noticed an ice beast
  3001 | D:5      | Killed an ice beast
  3053 | D:5      | Reached skill level 5 in Fighting
  3053 | D:5      | Reached skill level 5 in Armour
  3053 | D:5      | Reached skill level 5 in Shields
  3066 | D:5      | Reached XP level 7. HP: 33/44 MP: 7/7
  3084 | D:5      | Found a glowing drain.
  3102 | Sewer    | Entered a sewer
  3531 | D:5      | Got the Secrets of the Catacomb
  3854 | D:6      | Found a staircase to the Ecumenical Temple.
  3865 | Temple   | Entered the Ecumenical Temple
  3905 | Temple   | Became a worshipper of Warmaster Okawaru
  4056 | D:6      | Reached XP level 8. HP: 48/51 MP: 8/8
  4148 | D:6      | Reached * piety under Okawaru
  4316 | D:6      | Noticed Jeremiah
  4800 | D:6      | Killed Jeremiah
  4801 | D:6      | Reached skill level 5 in Maces & Flails
  4976 | D:6      | Reached ** piety under Okawaru
  5425 | D:7      | Reached XP level 9. HP: 45/56 MP: 9/9
  5702 | D:7      | Found Cacuaf's Assorted Antiques.
  5710 | D:7      | Bought a potion of heal wounds for 85 gold pieces
  6214 | D:8      | Noticed Joseph
  6234 | D:8      | Killed Joseph
  6234 | D:8      | Reached *** piety under Okawaru
  7110 | D:9      | Found a blossoming altar of Fedhas.
  7370 | D:9      | Reached XP level 10. HP: 57/64 MP: 10/10
  7463 | D:9      | Found a staircase to the Lair.
  7557 | D:9      | Reached **** piety under Okawaru
  8506 | D:10     | Entered Level 10 of the Dungeon
  8663 | D:10     | Found Nikh's Antique Weapon Shop.
  8671 | D:10     | Found Tukkili's Jewellery Shop.
  8677 | D:10     | Bought an amulet of regeneration for 360 gold pieces
  8700 | D:10     | Found Jygy's Armour Shop.
  8795 | D:10     | Noticed a cyclops
  8805 | D:10     | Killed a cyclops
  8825 | D:10     | Found Polepuu's Assorted Antiques.
  9136 | D:10     | Found a shimmering blue altar of Sif Muna.
  9214 | D:11     | Noticed Urug
  9246 | D:10     | Killed Urug
  9246 | D:10     | Reached ***** piety under Okawaru
  9274 | D:11     | Noticed Erolcha
  9328 | Abyss:2  | Cast into level 2 of the Abyss (Erolcha)
  9370 | Abyss:2  | Noticed a large abomination
  9378 | Abyss:2  | Slain by a large abomination

Illustrated notes

Levels and vault maps discovered:
D:1:      dpeg_arrival_fog, layout_loops_ring, serial_shops,
          nicolae_shop_back_alley_shop
D:2:      layout_rooms, hex_large
D:3:      layout_loops_ring, minmay_misc_feat_hallway
D:4:      layout_basic, lightli_corner_chamber, uniq_natasha
D:5:      layout_cave_pools, gup_sewer_entry_pipe
D:6:      minmay_angry_zag, layout_basic, minmay_temple_entry_slanted,
          chequers_serial_rivers_small_3, uniq_jeremiah
D:7:      layout_loops_ring, serial_shops, shop_fountains
D:8:      layout_basic, minmay_fire_ice_demons, uniq_joseph
D:9:      layout_stronghold, fedhas_ov_isle_minmay, due_lair_maze_entry_diamond,
          minmay_holes
D:10:     layout_roguey, nicolae_sif_muna_condensation, serial_shops,
          shop_fountains, nicolae_shop_trees, nicolae_shop_hallway_plus,
          nicolae_shop_behind_doors
D:11:     layout_cave_pools, uniq_erolcha, uniq_urug
Temple:   mainiacjoe_temple_big_plus
Abyss:2:  base: D:11, minivault_27

Skill      XL: |  1  2  3  4  5  6  7  8  9 10 |
---------------+-------------------------------+-----
Fighting       | 4 5 6 8 9 |  9.5
Armour         | 4 5 6 8 9 |  9.6
Shields        | 4 5 6 8 9 |  9.6
Maces & Flails | 3 4 5 7 8 |  8.4

Action                     |  1- 3 |  4- 6 |  7- 9 | 10-12 || total
---------------------------+-------+-------+-------+-------++-------
  Melee: Flail             |   141 |   167 |       |       ||   308
         Whip              |       |    21 |   342 |   226 ||   589
 Invoke: Heroism           |       |       |       |     2 ||     2
    Use: Scroll            |       |    11 |     5 |     1 ||    17
         Potion            |       |       |     1 |       ||     1
 Armour: Scale mail        |    98 |   113 |    88 |       ||   299
         Chain mail        |       |       |    61 |   126 ||   187
  Dodge: Dodged            |   104 |    94 |   141 |    71 ||   410
  Block: Buckler           |    37 |    43 |    84 |    58 ||   222

Table legend: (Time is in decaauts)
 A = Elapsed time spent in this place.
 B = Non-inter-level travel time spent in this place.
 C = Inter-level travel time spent in this place.
 D = Time resting spent in this place.
 E = Time spent auto-exploring this place.
 F = Levels seen in this place.
 G = Mean time per level.
                   A        B        C        D        E       F      G
               +--------+--------+--------+--------+--------+-----+--------+
         Total |   9398 |   8977 |    421 |   1412 |   5524 |  14 |  671.3 |
       Dungeon |   8959 |   8613 |    346 |   1412 |   5345 |  11 |  814.5 |
        Temple |     79 |      4 |     75 |      0 |      0 |   1 |   79.0 |
         Abyss |     47 |     47 |      0 |      0 |      0 |   1 |   47.0 |
         Sewer |    312 |    312 |      0 |      0 |    179 |   1 |  312.0 |
               +--------+--------+--------+--------+--------+-----+--------+

Top non-repeatable levels by time:
     D:9: 1202 daAuts
     D:8: 1124 daAuts
     D:6: 1037 daAuts
     D:4: 993 daAuts
     D:5: 898 daAuts
     D:3: 874 daAuts
     D:7: 857 daAuts
    D:10: 737 daAuts
     D:1: 691 daAuts
     D:2: 496 daAuts
   Sewer: 312 daAuts
  Temple: 79 daAuts
 Abyss:2: 47 daAuts
    D:11: 45 daAuts
